 Dungeon Crawl Stone Soup version 0.28.0-45-g0d030f2227 (webtiles) character file.

Game seed: 11938652285501858440

1399 Peloso the Slasher (level 8, -3/70 HPs)
             Began as a Minotaur Fighter on Apr 18, 2022.
             Was an Initiate of Okawaru.
             Slain by a troll (11 damage)
             ... on level 6 of the Dungeon.
             The game lasted 00:09:02 (6722 turns).

Peloso the Slasher (Minotaur Fighter)               Turns: 6722, Time: 00:09:02

Health: -3/70      AC: 12    Str: 20    XL:     8   Next: 41%
Magic:  7/7        EV:  8    Int:  5    God:    Okawaru [......]
Gold:   257        SH:  5    Dex: 13    Spells: 7/7 levels left

rFire   . . .      SeeInvis .   a - +0 long sword
rCold   . . .      Faith    .   c - +0 buckler
rNeg    . . .      Spirit   .   t - +0 chain mail
rPois   .          Reflect  .   (helmet restricted)
rElec   .          Harm     .   (no cloak)
rCorr   .          Rampage  .   (no gloves)
Will    .....                   j - +1 pair of boots
Stlth   ..........              (no amulet)
HPRegen 0.21/turn               (no ring)
MPRegen 0.10/turn               (no ring)

@: brilliant
A: horns 2, retaliatory headbutt
a: Renounce Religion


You were on level 6 of the Dungeon.
You worshipped Okawaru.
Okawaru was noncommittal.
You visited 2 branches of the dungeon, and saw 7 of its levels.
You also visited: Sewer.

You collected 257 gold pieces.

Inventory:

Hand Weapons
 a - a +0 long sword (weapon)
Armour
 b - a +0 scale mail
 c - a +0 buckler (worn)
 j - a +1 pair of boots (worn)
 t - a +0 chain mail (worn)
Wands
 u - a wand of polymorph (5)
Scrolls
 g - a scroll of blinking {unknown}
 i - 5 scrolls of identify {unknown}
 k - a scroll of teleportation
 l - a scroll of torment {unknown}
 n - a scroll of noise
 o - a scroll of silence {unknown}
 p - a scroll of fog {unknown}
 q - a scroll of magic mapping {unknown}
Potions
 d - 3 potions of might
 e - a potion of resistance {unknown}
 f - 2 potions of curing
 h - 3 potions of cancellation
 m - a potion of heal wounds {unknown}
 r - 2 potions of brilliance
 s - a potion of mutation {unknown}


   Skills:
 + Level 6.3 Fighting
 + Level 7.6 Long Blades
 + Level 7.2 Armour
 + Level 2.4 Dodging
 + Level 1.8 Stealth
 + Level 5.6 Shields


You had 7 spell levels left.
You didn't know any spells.
Your spell library contained the following spells:

 Spells                   Type           Power      Damage    Failure   Level
 Magic Dart               Conj           0%         1d3       99%         1
 Searing Ray              Conj           0%         2d4       100%        2
 Fulminant Prism          Conj/Hex       0%         3d6       100%        4


Dungeon Overview and Level Annotations

Branches:
Dungeon (6/15)             Temple (1/1) D:5           Sewer (visited)

Altars:
Elyvilon
Gozag
Hepliaklqana
Okawaru
Qazlal
Ru
Xom
Zin
The Shining One

Shops:
D:1 *   D:3 *


Innate Abilities, Weirdness & Mutations

You have a pair of horns on your head.
You reflexively headbutt those who attack you in melee.


Message History

The troll is lightly wounded.
The troll bites you! You block the troll's attack. x2
You hit the troll but do no damage.
The troll is lightly wounded.
The troll closely misses you. The troll barely misses you. The troll claws you.
You hit the troll.
The troll is lightly wounded.
You block the troll's attack. The troll claws you but does no damage.
The troll barely misses you.
You hit the troll.
You headbutt the troll, but do no damage.
The troll is moderately wounded.
The troll bites you! The troll claws you but does no damage.
The troll claws you.
You hit the troll. You headbutt the troll!
The troll is heavily wounded.
The troll closely misses you. The troll claws you but does no damage.
The troll claws you. The troll bites you but does no damage.
The troll claws you. The troll barely misses you.
You barely miss the troll.
The troll is heavily wounded.
The troll bites you! The troll barely misses you. You block the troll's attack.
You closely miss the troll. Your headbutt misses the troll.
The troll is heavily wounded.
The troll bites you!
* * * LOW HITPOINT WARNING * * *
You block the troll's attack. The troll claws you.
* * * LOW HITPOINT WARNING * * *
You feel better. The troll bites you!
* * * LOW HITPOINT WARNING * * *
The troll barely misses you. The troll claws you.
* * * LOW HITPOINT WARNING * * *
It was a potion of cancellation.
You feel magically purged. The troll closely misses you.
You block the troll's attack. The troll claws you.
* * * LOW HITPOINT WARNING * * *
It was a potion of brilliance.
You feel clever all of a sudden. The troll bites you!
You die...

###..####### #.# #.##
############.#### #.#
#.......##....).. #.#
#.......##.#.###.
####.####
#.......##.#..##.
#.......#
#.......##.##.##.
#.##.##.#
#.......##....... #
##.##.###.......####...##
#......T@.......####...##
#
#.#######....<..##.......
#.#.# #.##.##.##.......
#..T# #................
###.# #.####..##.#.<.##
#.# #.##...........# ...
#.<.....##.####.. ###
#.#........# .#
.......##### .#


You could see a troll.

Vanquished Creatures
  2 water moccasins (D:5)
  2 ogres (D:5)
  2 phantoms (D:5)
  3 kobold brigands (Sewer)
  A scorpion (D:4)
  A bullfrog zombie (D:6)
  2 jellies
  A hound (D:5)
  2 orc priests
  2 iguanas (D:4)
  Terence (D:3)
  3 orc wizards
  A killer bee zombie (D:5)
  A hound skeleton (D:4)
  8 gnolls
  8 adders
  An adder skeleton (D:4)
  A worm (D:3)
  3 dart slugs
  8 orcs
  6 ball pythons
  2 endoplasms
  7 giant cockroaches
  8 hobgoblins
  3 quokkas
  6 bats
  3 frilled lizards
  2 goblins
  15 kobolds
  6 rats
111 creatures vanquished.

Vanquished Creatures (others)
  2 fungi (Sewer)
  2 plants (Sewer)
4 creatures vanquished.

Grand Total: 115 creatures vanquished

Notes
Turn   | Place    | Note
-------+----------+-------------------------------------------
     0 | D:1      | Peloso the Minotaur Fighter began the quest for the Orb.
     0 | D:1      | Reached XP level 1. HP: 19/19 MP: 0/0
   100 | D:1      | Found Weitor's Assorted Antiques.
   398 | D:1      | Reached XP level 2. HP: 27/27 MP: 1/1
   968 | D:2      | Reached XP level 3. HP: 32/33 MP: 2/2
  1263 | D:2      | Reached XP level 4. HP: 18/40 MP: 3/3
  2488 | D:3      | Found an opulent altar of Gozag.
  2571 | D:3      | Reached XP level 5. HP: 47/47 MP: 4/4
  2631 | D:3      | Noticed Terence
  2639 | D:3      | Killed Terence
  2814 | D:3      | Found Onicrarog's General Store.
  3039 | D:3      | Found a sacrificial altar of Ru.
  3233 | D:4      | Reached skill level 5 in Armour
  3460 | D:4      | Reached XP level 6. HP: 55/55 MP: 5/5
  3465 | D:4      | Reached skill level 1 in Dodging
  3663 | D:4      | Reached skill level 5 in Long Blades
  4205 | D:4      | Reached skill level 5 in Fighting
  4247 | D:5      | Entered Level 5 of the Dungeon
  4386 | D:5      | Reached XP level 7. HP: 51/61 MP: 6/6
  4408 | D:5      | Found a staircase to the Ecumenical Temple.
  4457 | D:5      | Found a glowing drain.
  4473 | Sewer    | Entered a sewer
  4770 | Sewer    | Reached skill level 5 in Shields
  5341 | D:5      | Reached skill level 1 in Stealth
  5475 | Temple   | Entered the Ecumenical Temple
  5532 | Temple   | Became a worshipper of Warmaster Okawaru
  5580 | D:5      | Reached XP level 8. HP: 69/70 MP: 7/7
  6701 | D:6      | Noticed a troll
  6722 | D:6      | Slain by a troll

Illustrated notes

Levels and vault maps discovered:
D:1:      lightli_iron_boxes, layout_loops_ring, serial_shops,
          nicolae_shop_stone
D:2:      layout_basic, corexii_leaking_fountain
D:3:      layout_loops_ring, nicolae_ru_the_path_less_chosen,
          nicolae_gozag_cash_rules_everything_around_me, serial_shops,
          nicolae_square_shop, uniq_terence
D:4:      layout_loops_cross
D:5:      layout_layer_cave, minmay_temple_entry_stoned_glass,
          portal_sewer_entry_f
D:6:      layout_loops_cross, chequers_serial_rivers_micro_c,
          hangedman_decor_riveting, minmay_small_thing
Temple:   dpeg_chambers_temple

Skill      XL: |  1  2  3  4  5  6  7  8 |
---------------+-------------------------+-----
Fighting       | 4 5 6 |  6.3
Shields        | 4 5 |  5.6
Long Blades    | 3 4 5 6 7 |  7.6
Armour         | 4 5 6 7 |  7.2
Dodging        | 1 2 |  2.4
Stealth        | 1 |  1.8

Action                   |  1- 3 |  4- 6 |  7- 9 || total
-------------------------+-------+-------+-------++-------
Melee: Long sword        |    66 |   126 |   132 ||   324
       Headbutt          |    13 |    24 |    20 ||    57
Throw: Throwing net      |       |       |     1 ||     1
  Use: Potion            |     1 |       |     3 ||     4
       Scroll            |       |     4 |       ||     4
Armor: Scale mail        |    28 |    42 |    46 ||   116
       Chain mail        |       |       |    34 ||    34
Dodge: Dodged            |    27 |    52 |    81 ||   160
Block: Buckler           |    30 |    20 |    40 ||    90
